 Dungeon Crawl Stone Soup version 0.32-a0-481-g9ce6b883f8 (webtiles) character file.

Game seed: 16742935337597155762

820 GordonOverkill the Sneak (level 7, -1/36 HPs)
             Began as a Spriggan Delver on Feb 26, 2024.
             Slain by a scorpion (7 damage)
             ... on level 5 of the Dungeon.
             The game lasted 00:08:30 (4760 turns).

GordonOverkill the Sneak (Spriggan Delver)          Turns: 4760, Time: 00:08:31

Health: -1/36      AC:  2    Str:  8    XL:     7   Next: 63%
Magic:  12/12      EV: 17    Int: 14    God:
Gold:   104        SH:  0    Dex: 16    Spells: 7/12 levels left

rFire   . . .        a - +0 short sword
rCold   . . .        (no shield)
rNeg    . . .        j - +0 robe {Will+}
rPois   .            (helmet restricted)
rElec   .            (no cloak)
rCorr   .            (gloves unavailable)
SInv    +            (boots unavailable)
Will    ++...        e - amulet of regeneration
Stlth   ++++         (no ring)
HPRegen 1.06/turn    (no ring)
MPRegen 0.13/turn

%: no passive effects
@: lethally poisoned (-1 -> -5), very quick
A: very small, no large weapons, unfitting armour, see invisible, speed 3
a: no special abilities


You were on level 5 of the Dungeon.
You visited 1 branch of the dungeon, and saw 6 of its levels.

You collected 194 gold pieces.
You spent 90 gold pieces at shops.

Inventory:

Hand Weapons
 a - a +0 short sword (weapon)
Missiles
 r - 6 poisoned darts (quivered)
Armour
 j - a +0 robe of willpower (worn)
Jewellery
 e - an amulet of regeneration (around neck)
 s - the ring of Baciom {rPois MP+9}
   (You found it on level 3 of the Dungeon)

   [ring of magical power]

   rPois:     It protects you from poison MP+9: It affects your magic capacity
   (+9).
Wands
 g - a wand of digging (3)
Scrolls
 b - a scroll of fear
 c - 2 scrolls of fog
 d - a scroll of revelation
 h - 6 scrolls of identify {unknown}
 i - a scroll of poison {unknown}
 l - a scroll of teleportation {unknown}
 m - 2 scrolls of noise {unknown}
 p - a scroll of amnesia {unknown}
Potions
 f - 3 potions of haste
 k - 3 potions of heal wounds {unknown}
 n - 3 potions of curing
 o - a potion of might {unknown}
 q - a potion of lignification {unknown}
 t - 2 potions of invisibility {unknown}


   Skills:
 - Level 3.0 Fighting
 - Level 2.1 Short Blades
 - Level 2.6 Dodging
 - Level 7.2 Stealth
 + Level 3.1 Spellcasting
 - Level 4.0 Conjurations
 - Level 6.0 Alchemy


You had 7 spell levels left.
You knew the following spells:

 Your Spells              Type           Power      Damage    Failure   Level
a - Irradiate             Conj/Alch      8%         3d14      58%         5

Your spell library contained the following spells:

 Spells                   Type           Power      Damage    Failure   Level
 Sting                    Conj/Alch      64%        1d7       2%          1
 Shock                    Conj/Air       28%        1d4       10%         1
 Apportation              Tloc           4%         N/A       22%         1
 Necrotise                Necr           8%         1d4       22%         1
 Summon Small Mammal      Summ           8%         N/A       22%         1
 Inner Flame              Hex/Fire       2%         N/A       54%         3
 Swiftness                Air            2%         N/A       54%         3
 Airstrike                Air            1%         2d(1-17)  91%         4
 Ignition                 Fire           1%         3d3       100%        8


Dungeon Overview and Level Annotations

Branches:
Dungeon (6/15)
 Temple: D:4-7

Altars:
Qazlal
Zin


Innate Abilities, Weirdness & Mutations

You are very small and have problems with some larger weapons.
You are too small for most types of armour.
You have supernaturally acute eyesight. (SInv)
You cover ground extremely quickly. (Speed+++)


Message History

You hit the phantom but do no damage.
The phantom is almost destroyed.
The phantom completely misses you.
You hit the phantom.
The phantom is almost destroyed.
You miss the phantom.
The phantom is almost destroyed.
The phantom hits you but does no damage.
You hit the phantom.
The phantom is almost destroyed.
The phantom barely misses you.
You hit the phantom.
You destroy the phantom!
Training target 6.0 for Alchemy reached!
Your Alchemy skill increases to level 6!
You need to enable at least one skill for training.
You start resting.
You start resting.
Magic restored.
There is a stone staircase leading down here.
You climb downwards.
The scorpion stings you.
You are poisoned.
The scorpion poisons you!
There is a stone staircase leading up here.
You barely miss the scorpion.
You feel very sick. The scorpion stings you.
You are more poisoned.
The scorpion poisons you!
You barely miss the scorpion.
You feel very sick. The scorpion stings you!
* * * LOW HITPOINT WARNING * * *
The scorpion completely misses you.
You barely miss the scorpion.
You feel very sick. The scorpion stings you.
* * * LOW HITPOINT WARNING * * *
You hit the scorpion but do no damage.
You feel sick. The scorpion stings you!
You die...

#..# #..# #..# #.#
#.####### #........
... #.#####>. ..#
#.# .# #.# ##@##
#.# #.# ##..s####.#
#.# #....รท..#.#
#^# #....##.#.#
###.## #.#.###.#.#
#.....
#.#.###.#.###
#.#.##
#.#.#.......# #.#.#
#.#.#.#.....###.#.#
#.#...........#.#.#


You could see a scorpion.

Vanquished Creatures
  2 ogres
  A phantom (D:4)
  A kobold brigand (D:4)
  A scorpion (D:5)
  A howler monkey (D:5)
  A bombardier beetle (D:4)
  4 hounds
  An orc priest (D:6)
  2 sleepcaps (D:3)
  2 gnolls
  6 adders
  5 dart slugs
  4 ribbon worms
  8 orcs
  6 ball pythons
  A bat (D:1)
  4 endoplasms
  3 giant cockroaches
  5 goblins (D:1)
  6 hobgoblins
  5 quokkas
  3 frilled lizards
  8 kobolds
  7 rats
87 creatures vanquished.

Notes
Turn   | Place    | Note
-------+----------+-------------------------------------------
     0 | D:5      | GordonOverkill the Spriggan Delver began the quest for the
                  | Orb.
     0 | D:5      | Reached XP level 1. HP: 11/11 MP: 2/2
     1 | D:6      | Noticed an orc priest
     1 | D:6      | Noticed an orc wizard
     1 | D:6      | Noticed an orc priest
     1 | D:6      | Noticed an orc priest
     2 | D:6      | Killed an orc priest
     3 | D:6      | Reached XP level 2. HP: 16/16 MP: 3/6
     4 | D:6      | Reached XP level 3. HP: 10/20 MP: 3/7
    91 | D:5      | Noticed an ogre
    94 | D:5      | Killed an ogre
    95 | D:5      | Reached XP level 4. HP: 24/24 MP: 7/9
   444 | D:2      | Reached XP level 5. HP: 28/28 MP: 10/10
  2229 | D:3      | Noticed an ogre
  2267 | D:3      | Killed an ogre
  2268 | D:3      | Reached XP level 6. HP: 32/32 MP: 11/11
  2609 | D:3      | Identified the ring of Baciom {rPois MP+9}
  2767 | D:3      | Found Zin's Purification Station.
  2768 | D:3      | Found a glowing silver altar of Zin.
  2779 | D:3      | Bought a potion of curing for 90 gold pieces
  3043 | D:3      | Found a faded altar of an unknown god.
  3182 | D:3      | Found a stormy altar of Qazlal.
  3190 | D:3      | Learned a level 5 spell: Irradiate
  4150 | D:4      | Reached XP level 7. HP: 24/36 MP: 12/12
  4411 | D:5      | Reached skill level 5 in Alchemy
  4760 | D:5      | Slain by a scorpion

Illustrated notes

Levels and vault maps discovered:
D:1:      sevenhm_arrival_forest_fort_small_4, layout_basic, st_stairs_5,
          nicolae_figureground_pulse
D:2:      layout_loops_cross
D:3:      layout_loops_corners, zin_purify, marbit_many_paths,
          dilly_ecumenical_altar_fadedgnrine, roderic_lattice_a
D:4:      layout_cave_pools
D:5:      layout_loops_ring, dk_noncrumbling_3
D:6:      layout_rooms, okawaru_ov_weapons_minmay, nicolae_tso_carved_into_rock,
          nicolae_wu_jian_wuxing_cycle, temple_green, minmay_diced_spiral

Skill      XL: |  1  2  3  4  5  6  7 |
---------------+----------------------+-----
Fighting       | 3 |  3.0
Spellcasting   | 2 3 |  3.1
Conjurations   | 2 3 4 |  4.0
Alchemy        | 2 3 6 |  6.0
Short Blades   | |  2.1
Dodging        | |  2.6
Stealth        | |  7.2

Action                     |  1- 3 |  4- 6 |  7- 9 || total
---------------------------+-------+-------+-------++-------
  Melee: Short sword       |     4 |   379 |   171 ||   554
  Throw: Dart              |       |    15 |       ||    15
   Stab: Sleeping          |     3 |    26 |     2 ||    31
         Distracted        |       |     1 |       ||     1
 Armour: Robe              |     1 |   118 |    71 ||   190
  Dodge: Dodged            |     1 |   256 |   105 ||   362

Table legend: (Time is in decaauts)
 A = Elapsed time spent in this place.
 B = Non-inter-level travel time spent in this place.
 C = Inter-level travel time spent in this place.
 D = Time resting spent in this place.
 E = Time spent auto-exploring this place.
 F = Levels seen in this place.
 G = Mean time per level.
                   A        B        C        D        E       F      G
               +--------+--------+--------+--------+--------+-----+--------+
         Total |   3368 |   3252 |    116 |    600 |   1513 |   6 |  561.3 |
       Dungeon |   3368 |   3252 |    116 |    600 |   1513 |   6 |  561.3 |
               +--------+--------+--------+--------+--------+-----+--------+

Top non-repeatable levels by time:
     D:3: 957 daAuts
     D:4: 854 daAuts
     D:2: 671 daAuts
     D:1: 516 daAuts
     D:5: 365 daAuts
     D:6: 3 daAuts
